 Dungeon Crawl Stone Soup version 0.29-a0-234-g0dae59b3db (webtiles) character file.

Game seed: 2921462905554083653

102 PaleWalker the Grave Robber (level 4, -10/30 HPs)
             Began as a Mummy Necromancer on Mar 2, 2022.
             Mangled by Crazy Yiuf
             ... wielding a +4 quarterstaff of chaos
              (16 damage)
             ... on level 2 of the Dungeon.
             The game lasted 00:06:05 (2347 turns).

PaleWalker the Grave Robber (Mummy Necromancer)     Turns: 2347, Time: 00:06:06

Health: -10/30     AC:  2    Str: 11    XL:     4   Next: 50%
Magic:  10/10      EV: 17    Int: 16    God:
Gold:   94         SH:  0    Dex: 12    Spells: 9/11 levels left

rFire   x . .      SeeInvis .   d - +2 falchion (distort)
rCold   + . .      Faith    .   (no shield)
rNeg    + + +      Spirit   .   a - +0 robe
rPois   ∞          Reflect  .   (no helmet)
rElec   .          Harm     .   (no cloak)
rCorr   .          Rampage  .   (no gloves)
Will    .....                   (no boots)
Stlth   ++........              (no amulet)
HPRegen 0.10/turn               (no ring)
MPRegen 0.12/turn               (no ring)

@: agile
A: cold resistance 1, negative energy resistance 3, torment resistance 2, heat
vulnerability 1, in touch with death 1, no potions
a: no special abilities


You were on level 2 of the Dungeon.
You visited 1 branch of the dungeon, and saw 2 of its levels.

You collected 94 gold pieces.

Inventory:

Hand Weapons
 d - a +2 falchion of distortion (weapon)
Missiles
 e - 3 boomerangs
Armour
 a - a +0 robe (worn)
Scrolls
 b - a scroll of brand weapon {unknown}
 c - a scroll of fog {unknown}
 f - a scroll of enchant weapon {unknown}
 g - a scroll of teleportation {unknown}
 h - a scroll of enchant armour {unknown}
 i - a scroll of magic mapping {unknown}
 j - a scroll of amnesia {unknown}
 k - a scroll of holy word {unknown}


   Skills:
 - Level 1.5 Dodging
 - Level 1.5 Stealth
 + Level 4.0 Spellcasting
 * Level 5.4 Necromancy


You had 9 spell levels left.
You knew the following spells:

 Your Spells              Type           Power      Damage    Failure   Level
a - Pain                  Necr           100%       1d9       1%          1
b - Animate Skeleton      Necr           60%        N/A       1%          1

Your spell library contained the following spells:

 Spells                   Type           Power      Damage    Failure   Level
 Vampiric Draining        Necr           30%        2d8       5%          3
 Animate Dead             Necr           15%        N/A       19%         4
 Agony                    Necr           30%        N/A       45%         5


Dungeon Overview and Level Annotations

Branches:
Dungeon (2/15)

Altars:

Annotations:
D:2 Crazy Yiuf


Innate Abilities, Weirdness & Mutations

You are immune to poison.
Your flesh is cold resistant. (rC+)
You are immune to negative energy. (rN+++)
You are immune to unholy pain and torment.
You are vulnerable to heat. (rF-)
You are in touch with the powers of death.
You do not drink.


Message History

Things that are here:
a +0 dagger; a +0 chain mail; a goblin corpse
Found a mace.
There is a stone staircase leading down here.
A ball python skeleton and a bat skeleton come into view.
The ball python skeleton moves out of view.
The bat skeleton barely misses you. The bat skeleton closely misses you. x2
You hit the bat skeleton.
Space warps horribly around the bat skeleton!
You destroy the bat skeleton!
The ball python skeleton barely misses you.
The ball python skeleton grabs you.
The ball python skeleton constricts you.
You barely miss the ball python skeleton.
The ball python skeleton bites you but does no damage.
The ball python skeleton constricts you.
The ball python skeleton bites you but does no damage.
The ball python skeleton constricts you.
You hit the ball python skeleton.
Space warps horribly around the ball python skeleton!
You destroy the ball python skeleton!
k - a scroll labelled YHUIZX OLAT
Found a mace.
Found a runed translucent door.
Crazy Yiuf shouts!
You open the door. You closely miss Crazy Yiuf.
Crazy Yiuf whimpers, "Mama return to song foot!"
Crazy Yiuf closely misses you.
You closely miss Crazy Yiuf. Crazy Yiuf barely misses you.
You hit Crazy Yiuf.
Space warps around Crazy Yiuf.
Crazy Yiuf is moderately wounded.
Crazy Yiuf hits you with a +4 quarterstaff of chaos!
Ouch! That really hurt!
You feel agile all of a sudden.
Crazy Yiuf screams, "Blight rumpyflump pontify!"
Crazy Yiuf hits you with a +4 quarterstaff of chaos!
* * * LOW HITPOINT WARNING * * *
You are electrocuted!
Ouch! That really hurt!
You die...

##.........###....#
...####....# ##..##
#### #....# #....#
##...# #...## ##..#
##.## #### #.##
######### ##.#
#.......# #.##
#.......# ##@#
........# #g#
#.......# ...
##.###### #...#
##.# #..)#
#..######### #####
..##.......#
..##.......#
..##.......#


You could see Crazy Yiuf.

Vanquished Creatures
  An orc wizard (D:2)
  2 adders (D:2)
  A worm (D:2)
  2 orcs (D:2)
  5 bats
  A bat skeleton (D:2)
  2 endoplasms
  2 giant cockroaches
  8 goblins
  6 hobgoblins
  2 kobolds
  2 quokkas
  3 ball pythons
  2 ball python skeletons (D:2)
  A ball python zombie (D:2)
  2 frilled lizards
  2 giant cockroach zombies (D:2)
  A quokka zombie (D:2)
  6 rats
51 creatures vanquished.

Vanquished Creatures (collateral kills)
  An orc (D:2)
1 creature vanquished.

Grand Total: 52 creatures vanquished

Notes
Turn   | Place    | Note
-------+----------+-------------------------------------------
     0 | D:1      | PaleWalker the Mummy Necromancer began the quest for the
                  | Orb.
     0 | D:1      | Reached XP level 1. HP: 13/13 MP: 4/4
    54 | D:1      | Found a faded altar of an unknown god.
   410 | D:1      | Learned a level 1 spell: Animate Skeleton
   462 | D:1      | Reached XP level 2. HP: 19/19 MP: 3/6
  1096 | D:2      | Gained mutation: You are in touch with the powers of death.
                  | [Mummy growth]
  1096 | D:2      | Reached XP level 3. HP: 13/24 MP: 0/7
  1663 | D:2      | Reached skill level 5 in Necromancy
  1663 | D:2      | Reached XP level 4. HP: 22/30 MP: 3/9
  2340 | D:2      | Found a runed translucent door.
  2341 | D:2      | Noticed Crazy Yiuf
  2347 | D:2      | Mangled by Crazy Yiuf

Illustrated notes

Levels and vault maps discovered:
D:1:      dpeg_arrival_simpleton_c, layout_basic,
          shapermc_ecumenical_altar_ellora, nrook_loot_triangle
D:2:      kennysheep_the_goblin_king, layout_rooms, serial_undead,
          serial_undead_b, serial_undead_b, serial_undead_c, serial_undead_a,
          serial_undead_a, serial_undead_d, serial_undead_a, serial_undead_e,
          uniq_crazy_yiuf_cottage

Skill      XL: |  1  2  3  4 |
---------------+-------------+-----
Spellcasting   | 3 4 |  4.0
Necromancy     | 5 |  5.4
Dodging        | |  1.5
Stealth        | |  1.5

Action                   |  1- 3 |  4- 6 || total
-------------------------+-------+-------++-------
Melee: Unarmed           |    10 |       ||    10
       Falchion          |     9 |    29 ||    38
 Cast: Pain              |    51 |    29 ||    80
       Animate Skeleton  |     2 |     1 ||     3
Armor: Robe              |     6 |     5 ||    11
Dodge: Dodged            |    20 |    24 ||    44

Table legend: (Time is in decaauts)
 A = Elapsed time spent in this place.
 B = Non-inter-level travel time spent in this place.
 C = Inter-level travel time spent in this place.
 D = Time resting spent in this place.
 E = Time spent auto-exploring this place.
 F = Levels seen in this place.
 G = Mean time per level.
                   A        B        C        D        E       F      G
               +--------+--------+--------+--------+--------+-----+--------+
         Total |   2358 |   2277 |     81 |    218 |   1697 |   2 | 1179.0 |
       Dungeon |   2358 |   2277 |     81 |    218 |   1697 |   2 | 1179.0 |
               +--------+--------+--------+--------+--------+-----+--------+

Top non-repeatable levels by time:
     D:1: 1310 daAuts
     D:2: 1048 daAuts
